 Dungeon Crawl Stone Soup version 0.26.1-11-gd32895ea62 (webtiles) character file.

Game seed: 1250538162632066252

44 vvl the Skirmisher (level 3, 0/29 HPs)
             Began as a Demonspawn Fighter on July 5, 2021.
             Slain by an adder (1 damage)
             ... on level 2 of the Dungeon.
             The game lasted 00:02:27 (1084 turns).

vvl the Skirmisher (Demonspawn Fighter)             Turns: 1084, Time: 00:02:28

Health: 0/29       AC:  6    Str: 15 (16) XL:     3   Next: 39%
Magic:  4/4        EV:  6    Int:  8 (10) God:
Gold:   81         SH:  8    Dex: 10 (12) Spells: 2/2 levels left

rFire    . . .     SeeInvis .   h - +0 whip (venom)
rCold    . . .     Faith    .   c - +0 kite shield
rNeg     . . .     Spirit   .   b - +0 scale mail
rPois    .         Reflect  .   (helmet restricted)
rElec    .         Harm     .   (no cloak)
rCorr    .         Rampage  .   (no gloves)
Will     .....                  (no boots)
Stlth    ..........             j - amulet of the acrobat
HPRegen  0.09/turn              (no ring)
MPRegen  0.09/turn              (no ring)

@: lethally poisoned (0 -> -9), flying
A: horns 1, powered by death 1
a: no special abilities


You were on level 2 of the Dungeon.
You visited 1 branch of the dungeon, and saw 2 of its levels.

You collected 81 gold pieces.

Inventory:

Hand Weapons
 a - a +0 war axe
 h - a +0 whip of venom (weapon)
Armour
 b - a +0 scale mail (worn)
 c - a +0 kite shield (worn)
Jewellery
 j - an amulet of the acrobat (around neck)
Scrolls
 f - a scroll of amnesia {unknown}
 i - a scroll of immolation {unknown}
 l - a scroll of enchant weapon {unknown}
 m - a scroll of identify {unknown}
 n - 2 scrolls of fog {unknown}
 p - a scroll of enchant armour {unknown}
Potions
 d - a potion of might
 g - a potion of attraction {unknown}
 k - a potion of curing {unknown}


   Skills:
 + Level 3.1 Fighting
 * Level 2.4 Axes
 + Level 2.9 Armour
 + Level 2.8 Shields
 + Level 0.4 Spellcasting
 + Level 0.9 Necromancy
 + Level 1.3 Invocations


You had 2 spell levels left.
You didn't know any spells.
Your spell library was empty.

Dungeon Overview and Level Annotations

Branches:
Dungeon (2/15)

Altars:


Innate Abilities, Weirdness & Mutations

You have a pair of small horns on your head.
You regenerate a little health from kills.


Message History

You hit the adder.
The adder is severely wounded.
You block the adder's attack.
You hit the adder.
The adder is almost dead.
You feel sick. The adder bites you.
* * * LOW HITPOINT WARNING * * *
You are more poisoned.
The adder poisons you! The adder barely misses you.
It was a potion of flight.
You feel very buoyant.
You fly up into the air.
* * * LOW HITPOINT WARNING * * *
You feel sick. The adder closely misses you.
It was a potion of degeneration.
There was something very wrong with that liquid.
You feel weakened.
You feel dopey.
You feel clumsy.
* * * LOW HITPOINT WARNING * * *
You feel sick. The adder bites you.
You die...

##.......## ##.##
#.........####...#####
+.........+.......(...
#.........####...#####
#.......##.........#
#.....# #.###.###.#
#)..# # #.###.# #S#
#.>##.# #@# ##.##.#
#.# #.##.# ##.##
#.####.##.# ##...##
#.........#
###.....########.####
...........# #.#
#.#####.###†######.#
#.# #........# #.#
##########


You could see an adder.

Vanquished Creatures
  2 adders (D:2)
  2 leopard geckos (D:1)
  5 bats (D:1)
  2 goblins (D:1)
  A hobgoblin (D:2)
  3 frilled lizards (D:1)
  5 kobolds (D:1)
  7 rats
27 creatures vanquished.

Notes
Turn   | Place    | Note
-------+----------+-------------------------------------------
     0 | D:1      | vvl the Demonspawn Fighter began the quest for the Orb.
     0 | D:1      | Reached XP level 1. HP: 18/18 MP: 1/1
   268 | D:1      | Gained mutation: You regenerate a little health from kills.
                  | [demonic ancestry]
   268 | D:1      | Reached XP level 2. HP: 19/24 MP: 2/2
   970 | D:2      | Reached skill level 1 in Invocations
   980 | D:2      | Gained mutation: You have a pair of small horns on your
                  | head. [demonic ancestry]
   980 | D:2      | Reached XP level 3. HP: 26/29 MP: 3/3
  1084 | D:2      | HP: 1/29 [poisoned by an adder]
  1084 | D:2      | Slain by an adder

Illustrated notes

Levels and vault maps discovered:
D:1:      giann_wishing_wells, layout_loops_cross
D:2:      layout_loops_corners, elyvilon_altar_3

Skill      XL: |  1  2 |
---------------+-------+-----
Axes           | 2 |  2.4
Invocations    | 1 |  1.3
Fighting       | |  3.1
Armour         | |  2.9
Shields        | |  2.8
Spellcasting   | |  0.4
Necromancy     | |  0.9

Action                   || total
-------------------------++-------
Melee: War axe           ||    33
       Whip              ||    53
       Headbutt          ||     3
  Use: Potion            ||     2
Armor: Scale mail        ||    47
Dodge: Dodged            ||    35
Block: Kite shield       ||    34
